 Dungeon Crawl Stone Soup version 0.18-a0-1643-gb89d9db (webtiles) character file.

23 wagjo the Ruffian (level 2, -7/29 HPs)
             Began as a Troll Berserker on Mar 28, 2016.
             Was a Believer of Trog.
             Killed from afar by Ijyb (15 damage)
             ... with a wand of lightning
             ... on level 2 of the Dungeon.
             The game lasted 00:09:06 (856 turns).

wagjo the Ruffian (Troll Berserker)                  Turns: 856, Time: 00:09:11

Health: -7/29      AC:  5    Str: 24    XL:     2   Next: 75%
Magic:  1/1        EV: 10    Int:  3    God:    Trog [**....]
Gold:   60         SH:  0    Dex:  9    Spells: 0 memorised, 1 level left

rFire  . . .     SeeInvis .       - Unarmed
rCold  . . .     Gourm    +     a - +0 animal skin
rNeg   . . .     Faith    .     (no shield)
rPois  .         Spirit   .     (helmet restricted)
rElec  .         Dismiss  .     (no cloak)
rCorr  .         Reflect  .     (gloves unavailable)
SustAt .         Harm     .     (boots unavailable)
MR     .....                    (no amulet)
Stlth  +.........               (no ring)
                                (no ring)

@: not resistant to hostile enchantments, very unstealthy
A: unfitting armour, claws 3, fast metabolism 3, gourmand, regeneration 2,
shaggy fur 1, tough skin 2
a: Berserk, Trog's Hand, Burn Spellbooks, Renounce Religion


You were on level 2 of the Dungeon.
You worshipped Trog.
Trog was pleased with you.
You were near starving.

You visited 1 branch of the dungeon, and saw 2 of its levels.

You collected 60 gold pieces.

Inventory:

Hand Weapons
 c - a cursed -3 club
 d - a +0 dagger
 e - a +0 short sword
 g - a +0 dagger
 j - a +3 dagger
 o - a +0 club
 p - a +0 club
 r - a +0 hunting sling
 s - a +0 club
 u - a +0 short sword
 x - a cursed +0 club
 A - a +0 dagger
Missiles
 i - 73 stones (quivered)
Armour
 a - a +0 animal skin (worn)
 f - a +0 robe
 k - a +0 robe
 m - a +0 chain mail
 t - a +0 robe
Jewellery
 h - an uncursed ring of wizardry {unknown}
 l - an uncursed ring of resist corrosion {unknown}
 q - an uncursed amulet of regeneration {unknown}
Scrolls
 w - a scroll of identify {unknown}
 y - a scroll of blinking {unknown}
 z - a scroll of immolation {unknown}
Potions
 n - a potion of resistance {unknown}
 v - a potion of flight {unknown}
Comestibles
 b - 2 bread rations


   Skills:
 + Level 2.9 Fighting
 + Level 2.6 Dodging
 + Level 3.2 Unarmed Combat


You had one spell level left.
You didn't know any spells.

Dungeon Overview and Level Annotations

Branches:
Dungeon (2/15)

Altars:

Annotations:
D:2 Ijyb


Innate Abilities, Weirdness & Mutations

You are too large for most types of armour.
You have claws for hands.
Your metabolism is lightning-fast.
You like to eat raw meat.
You heal very quickly.
You are covered in fur (AC +1).
You have very tough skin (AC +2).


Message History

You climb downwards.
A quokka comes into view.
Found 2 white potions, 24 arrows and 2 fruits.
Found a stone staircase leading up and a stone staircase leading down.
There is a stone staircase leading up here.
You barely miss the quokka.
The quokka bites you but does no damage.
You barely miss the quokka. The quokka barely misses you.
You claw the quokka!
You kill the quokka!
Trog accepts your kill.
You can now call upon Trog for regeneration and protection from hostile enchantments.
Ijyb the Twisted Goblin comes into view.
He is wielding a club.
Ijyb shouts!
Ijyb zaps a wand.
The bolt of lightning hits you!
Ouch! That really hurt!
* * * LOW HITPOINT WARNING * * *
The bolt of lightning hits you!
Ouch! That really hurt!
You die...

......(.# .#
..!......###. #
..>......... ..
#..........##...
................
................
...............#
#.......<#.###.
..####@........
......!..#####..
......#....
...##......g. ..
#.....<....
..........
.......%.#.
.........#


You could see Ijyb.

Vanquished Creatures
  2 giant geckos (D:1)
  A giant cockroach (D:1)
  A goblin (D:1)
  2 hobgoblins (D:1)
  A quokka (D:2)
  2 giant newts (D:1)
  7 kobolds (D:1)
  5 rats (D:1)
21 creatures vanquished.

Notes
Turn   | Place    | Note
--------------------------------------------------------------
     0 | D:1      | wagjo the Troll Berserker began the quest for the Orb.
     0 | D:1      | Reached XP level 1. HP: 22/22 MP: 0/0
   135 | D:1      | Reached XP level 2. HP: 29/29 MP: 1/1
   855 | D:2      | Reached ** piety under Trog
   856 | D:2      | Noticed Ijyb
   856 | D:2      | Killed from afar by Ijyb

Vault maps used:
D:1:      lightli_arrival_boilingwater
D:2:      uniq_crazy_yiuf_cottage, uniq_iyjb, uniq_robin

Action                   || total
-------------------------++-------
Melee: Unarmed           ||    54
Throw: Stone             ||     8
  Use: Scroll            ||     2
  Eat: Chunk             ||     3
